 Dungeon Crawl Stone Soup version 0.30.1-11-g7821555f0a (webtiles) character file.

Game seed: 14438877083380614328

51 Martska the Trooper (level 3, -7/29 HPs)
             Began as a Demonspawn Fighter on Dec 14, 2023.
             Engulfed by a steam dragon's steam (10 damage)
             ... on level 3 of the Dungeon.
             The game lasted 00:02:02 (1907 turns).

Martska the Trooper (Demonspawn Fighter)            Turns: 1907, Time: 00:02:03

Health: -7/29      AC:  6    Str: 18    XL:     3   Next: 57%
Magic:  3/3        EV:  9    Int:  9    God:
Gold:   118        SH:  5    Dex: 14    Spells: 2/2 levels left

rFire   . . .        a - +0 war axe
rCold   . . .        c - +0 buckler
rNeg    . . .        b - +0 scale mail
rPois   .            (no helmet)
rElec   .            (no cloak)
rCorr   .            (no gloves)
SInv    .            (no boots)
Will    .....        (no amulet)
Stlth   +            s - ring of flight
HPRegen 0.24/turn    (no ring)
MPRegen 0.08/turn

%: no passive effects
@: mighty, flying
A: thin skeletal structure 1
a: no special abilities


You were on level 3 of the Dungeon.
You visited 1 branch of the dungeon, and saw 3 of its levels.

You collected 118 gold pieces.

Inventory:

Hand Weapons
 a - a +0 war axe (weapon)
Missiles
 p - a throwing net (quivered)
Armour
 b - a +0 scale mail (worn)
 c - a +0 buckler (worn)
Jewellery
 s - a ring of flight (left hand)
 t - an amulet of reflection
Scrolls
 e - a scroll of blinking {unknown}
 g - 5 scrolls of identify {unknown}
 k - a scroll of torment {unknown}
 l - a scroll of poison {unknown}
 m - 2 scrolls of summoning {unknown}
 n - a scroll of amnesia {unknown}
 o - a scroll of immolation {unknown}
 q - a scroll of noise {unknown}
 u - a scroll of magic mapping {unknown}
Potions
 f - 2 potions of curing {unknown}
 h - a potion of heal wounds {unknown}
 i - a potion of mutation {unknown}
 j - a potion of brilliance {unknown}
 r - a potion of flight {unknown}
 v - 2 potions of cancellation {unknown}


   Skills:
 + Level 3.3 Fighting
 - Level 1.8 Axes
 + Level 3.0 Armour
 * Level 1.6 Dodging
 + Level 0.2 Stealth
 + Level 3.0 Shields


You had 2 spell levels left.
You didn't know any spells.
Your spell library contained the following spells:

 Spells                   Type           Power      Damage    Failure   Level
 Slow                     Hex            0%         N/A       85%         1
 Confusing Touch          Hex            0%         N/A       99%         3
 Vampiric Draining        Necr           0%         2d6       99%         3


Dungeon Overview and Level Annotations

Branches:
Dungeon (3/15)

Altars:
Sif Muna


Innate Abilities, Weirdness & Mutations

You have a somewhat thin skeletal structure. (Dex +2, Stealth+)


Message History

The kobold barely misses you. The worm bites you.
* * * LOW HITPOINT WARNING * * *
You barely miss the worm.
The worm is almost dead.
You closely miss the kobold. The kobold hits you but does no damage.
The worm bites you.
* * * LOW HITPOINT WARNING * * *
You barely miss the worm.
The worm is severely wounded.
You barely miss the kobold.
The kobold hits you but does no damage. x2
The worm completely misses you.
You slash the worm!
You kill the worm!
You hit the kobold.
You kill the kobold!
You see here a +0 dagger.
You start resting.
HP restored.
There is an open door here.
There is a stone staircase leading down here.
A steam dragon comes into view.
The steam dragon hisses angrily.
A steam dragon is nearby!
A steam dragon is nearby!
A steam dragon is nearby!
You feel very mighty all of a sudden. The steam dragon breathes steam at you.
The ball of steam hits you!
Ouch! That really hurt!
You are engulfed in a cloud of scalding steam.
There is an escape hatch in the ceiling here.
Found a scroll labelled VAEQOFIR FETATH and 7 stones.
You are engulfed in a cloud of scalding steam.
* * * LOW HITPOINT WARNING * * *
The steam dragon bites you but does no damage.
You block the steam dragon's attack.
You hit the steam dragon.
The steam dragon is moderately wounded.
You are engulfed in a cloud of scalding steam.
You die...

...............>.####'#
#...............###.....
#........##.......#.♣)..
#........#......###.....
#.......§.§.......#.♣...
........§§....#...#.....
.........#.#.....#.♣...
..#..§<.#.#.#...#...<.
#..@.§#......)######
?......D.......#########
.^......................
(.....................#
.....##.#.............+
##### #.#.............##
..###............. #..
#.......######
#............#


You could see a steam dragon.

Vanquished Creatures
  A worm (D:3)
  4 endoplasms
  A giant cockroach (D:1)
  3 goblins
  10 hobgoblins
  2 jackals (D:1)
  3 quokkas
  5 ball pythons
  5 bats
  2 frilled lizards
  4 kobolds
  3 rats
43 creatures vanquished.

Notes
Turn   | Place    | Note
-------+----------+-------------------------------------------
     0 | D:1      | Martska the Demonspawn Fighter began the quest for the Orb.
     0 | D:1      | Reached XP level 1. HP: 18/18 MP: 1/1
   152 | D:1      | Gained mutation: You have a somewhat thin skeletal
                  | structure. (Dex +2, Stealth+) [demonic ancestry]
   152 | D:1      | Reached XP level 2. HP: 23/24 MP: 2/2
   236 | D:1      | Reached skill level 1 in Dodging
   493 | D:1      | Reached XP level 3. HP: 29/29 MP: 3/3
  1628 | D:3      | Found a shimmering blue altar of Sif Muna.
  1902 | D:3      | Noticed a steam dragon
  1907 | D:3      | Engulfed by a steam dragon's steam

Illustrated notes

Levels and vault maps discovered:
D:1:      dpeg_arrival_rooms_c, layout_loops_ring
D:2:      layout_loops_ring
D:3:      minmay_skewed_foursquare, layout_basic, mainiacjoe_overflow_alcove_2,
          grunt_ministairs_3

Skill      XL: |  1  2  3 |
---------------+----------+-----
Dodging        | 1 |  1.6
Shields        | 3 |  3.0
Armour         | 3 |  3.0
Fighting       | |  3.3
Axes           | |  1.8
Stealth        | |  0.2

Action                     || total
---------------------------++-------
  Melee: War axe           ||   126
    Use: Potion            ||     1
 Armour: Scale mail        ||    71
  Dodge: Dodged            ||    65
  Block: Buckler           ||    30
